 Dungeon Crawl Stone Soup version 0.32-a0-540-g866d13106e (webtiles) character file.

Game seed: 13484789627560929644

3910 Atlas the Thaumaturge (level 10, -2/64 HPs)
             Began as a Demonspawn Fire Elementalist on Feb 28, 2024.
             Was a Believer of Vehumet.
             Killed by vampiric draining
             ... invoked by a vampire
              (10 damage)
             ... on level 8 of the Dungeon.
             The game lasted 00:09:09 (9336 turns).

Atlas the Thaumaturge (DsFE)                        Turns: 9336, Time: 00:09:10

Health: -2/64      AC:  9    Str:  8    XL:     10   Next: 1%
Magic:  2/22       EV: 12    Int: 25    God:    Vehumet [**....]
Gold:   184        SH:  0    Dex: 16    Spells: 19/26 levels left

rFire   + + .        F - +5 war axe "Gagurih" {freeze, rF++ rC- Will+ Dex+2}
rCold   . . .        (no shield)
rNeg    . . .        g - +0 leather armour
rPois   .            p - +0 helmet
rElec   .            E - scarf {shadows}
rCorr   .            h - +1 pair of gloves
SInv    +            v - +0 pair of boots "Hexear" {Int+5}
Will    +....        (no amulet)
Stlth   ++           t - ring of see invisible
HPRegen 0.30/turn    l - ring of protection from cold
MPRegen 0.18/turn

%: no passive effects
@: no status effects
A: claws 1, slimy green scales 1, demonic magic 2
a: Renounce Religion


You were on level 8 of the Dungeon.
You worshipped Vehumet.
Vehumet was pleased with you.
You visited 2 branches of the dungeon, and saw 9 of its levels.
You also visited: Sewer.

You collected 356 gold pieces.
You spent 172 gold pieces at shops.

Inventory:

Hand Weapons
 e - a +0 dagger of venom
 F - the +5 war axe "Gagurih" (weapon) {freeze, rF++ rC- Will+ Dex+2}
   (You found it on level 8 of the Dungeon)

   Dex+2:     It affects your dexterity (+2).
   rF++:      It greatly protects you from fire.
   rC-:       It makes you vulnerable to cold.
   Will+:     It increases your willpower.
Missiles
 A - a throwing net
Armour
 g - a +0 leather armour (worn)
 h - a +1 pair of gloves (worn)
 p - a +0 helmet (worn)
 v - the +0 pair of boots "Hexear" (worn) {Int+5}
   (You found it on level 4 of the Dungeon)

   Int+5:     It affects your intelligence (+5).
 y - a +0 cloak
 E - a scarf of shadows (worn)
Jewellery
 l - a ring of protection from cold (right hand)
 t - a ring of see invisible (left hand)
 z - a ring of magical power
 D - a ring of ice
Wands
 n - a wand of flame (12)
Scrolls
 a - 2 scrolls of noise
 d - 2 scrolls of fog
 i - a scroll of vulnerability
 j - a scroll of poison {unknown}
 o - 3 scrolls of teleportation
 q - 4 scrolls of immolation {unknown}
 s - 2 scrolls of enchant armour {unknown}
 w - 2 scrolls of enchant weapon {unknown}
 C - a scroll of silence {unknown}
Potions
 b - a potion of magic
 c - a potion of degeneration {unknown}
 f - a potion of lignification {unknown}
 k - 2 potions of berserk rage {unknown}
 m - 6 potions of curing
 r - 5 potions of heal wounds
 u - a potion of mutation {unknown}
 x - 2 potions of haste {unknown}
 B - a potion of attraction {unknown}


   Skills:
 + Level 0.9 Fighting
 + Level 2.0 Short Blades
 + Level 3.5 Armour
 + Level 2.8 Dodging
 - Level 2.0 Stealth
 + Level 8.6 Spellcasting
 + Level 4.2 Conjurations
 + Level 8.4 Fire Magic


You had 19 spell levels left.
You knew the following spells:

 Your Spells              Type           Power      Damage    Failure   Level
a - Scorch                Fire           100%       2d9       1%          2
b - Foxfire               Conj/Fire      100%       2x1d9     1%          1
c - Flame Wave            Conj/Fire      42%        2d11      6%          4

Your spell library contained the following spells:

 Spells                   Type           Power      Damage    Failure   Level
 Sting                    Conj/Alch      84%        1d8       3%          1
 Momentum Strike          Conj/Tloc      42%        3d9       4%          2
 Inner Flame              Hex/Fire       31%        N/A       4%          3
 Volatile Blastmotes      Fire/Tloc      62%        2d15      4%          3
 Blink                    Tloc           20%        N/A       12%         2
 Lesser Beckoning         Tloc           20%        N/A       12%         2
 Frozen Ramparts          Ice            20%        1d4       24%         3
 Summon Ice Beast         Ice/Summ       10%        N/A       24%         3
 Leda's Liquefaction      Alch/Erth      5%         N/A       63%         4
 Petrify                  Alch/Erth      10%        N/A       63%         4
 Metabolic Englaciation   Hex/Ice        5%         N/A       92%         5
 Summon Mana Viper        Hex/Summ       10%        N/A       92%         5
 Monstrous Menagerie      Summ           5%         N/A       100%        7


Dungeon Overview and Level Annotations

Branches:
Dungeon (8/15)             Temple (1/1) D:4           Sewer (visited)
   Lair: D:8-11

Altars:
Ashenzari
Cheibriados
Dithmenos
Fedhas
Gozag
Hepliaklqana
Kikubaaqudgha
Makhleb
Nemelex Xobeh
Okawaru
Qazlal
Ru
Sif Muna
Trog
Uskayaw
Vehumet
Wu Jian
Xom

Shops:
D:5 !!!*(

Annotations:
D:7 1 runed translucent door, Gadrel's ghost, novice MDFE
Temple 2 transporters


Innate Abilities, Weirdness & Mutations

You have sharp fingernails.
You are partially covered in slimy green scales. (AC +2)
Spells you cast may paralyse nearby enemies.


Message History

The vampire is heavily damaged.
The foxfire hits the vampire but does no damage.
The vampire is heavily damaged.
Casting: Scorch (safe; 1% risk of failure)
Confirm with . or Enter, or press ? or * to list all spells.
Flames lash the vampire.
The vampire is severely damaged.
Malevolent energies surge around you. The vampire barely misses you.
The vampire bites you!
The vampire draws strength from your injuries!
Unknown command.
Casting: Scorch (safe; 1% risk of failure)
Confirm with . or Enter, or press ? or * to list all spells.
Flames lash the vampire but do no damage.
Malevolent energies surge around you. The vampire hits you.
The vampire bites you!
The vampire draws strength from your injuries!
Unknown command.
Casting: Scorch (safe; 1% risk of failure)
Confirm with . or Enter, or press ? or * to list all spells.
Flames lash the vampire.
The vampire is burned terribly!
The vampire is severely damaged.
Malevolent energies surge around you. The vampire closely misses you.
The vampire bites you.
* * * LOW HITPOINT WARNING * * *
The vampire draws strength from your injuries!
Casting: Scorch (safe; 1% risk of failure)
Confirm with . or Enter, or press ? or * to list all spells.
Flames lash the vampire.
The vampire is burned terribly!
The vampire is almost destroyed.
Malevolent energies surge around you. The vampire closely misses you.
The vampire bites you!
* * * LOW HITPOINT WARNING * * *
The vampire draws strength from your injuries!
Unknown command.
Casting: Scorch (safe; 1% risk of failure)
Confirm with . or Enter, or press ? or * to list all spells.
Flames lash the vampire but do no damage.
Malevolent energies surge around you. The vampire draws life force from you!
You die...

..####. #.........#..
.... ............. #.
.... ......##.... ...
..# #....>...... ....
..# #....###....
....##.# ###........#..
.....#V# #..........#..
.....)@###.##.......#..
...........##.......'..
...........###......#..
......###..# ##'###.###
#..... #.## #.# ###
...... ... ..# ......
##### #### ......


You could see a vampire (combustible).

Vanquished Creatures
  A two-headed ogre (D:8)
  Joseph (D:7)
  2 vampire mosquitoes (D:7)
  Menkaure (D:4)
  Edmund (D:5)
  A water moccasin (D:8)
  An orc warrior (D:6)
  4 black bears
  An ice beast (D:4)
  A crocodile (Sewer)
  2 ogres (D:4)
  A centaur (D:5)
  A kobold brigand (Sewer)
  A phantom (D:6)
  A bullfrog (D:6)
  A brain worm (Sewer)
  2 scorpions
  5 killer bees (D:8)
  An electric eel (D:7)
  A howler monkey (D:8)
  A hound (D:6)
  A jelly (D:6)
  3 bombardier beetles
  2 orc priests
  4 iguanas
  Jessica (D:2)
  A sleepcap (D:6)
  3 orc wizards
  Robin (D:3)
  11 adders
  8 gnolls
  5 river rats (Sewer)
  2 shadow imps
  2 ribbon worms (D:2)
  3 dart slugs
  18 orcs
  4 ball pythons
  5 bats
  7 endoplasms
  7 giant cockroaches
  9 goblins
  9 hobgoblins
  15 jackals
  15 kobolds
  7 quokkas
  5 frilled lizards
  6 rats
185 creatures vanquished.

Vanquished Creatures (collateral kills)
  A foxfire (Sewer)
1 creature vanquished.

Vanquished Creatures (others)
  467 foxfires
467 creatures vanquished.

Grand Total: 653 creatures vanquished

Notes
Turn   | Place    | Note
-------+----------+-------------------------------------------
     0 | D:1      | Atlas the Demonspawn Fire Elementalist began the quest for
                  | the Orb.
     0 | D:1      | Reached XP level 1. HP: 13/13 MP: 3/3
   382 | D:1      | Gained mutation: Spells you cast may paralyse adjacent
                  | enemies. [demonic ancestry]
   382 | D:1      | Reached XP level 2. HP: 15/19 MP: 0/5
   992 | D:1      | Gained mutation: Spells you cast may paralyse nearby
                  | enemies. [demonic ancestry]
   992 | D:1      | Reached XP level 3. HP: 24/24 MP: 3/6
  1258 | D:1      | Learned a level 2 spell: Scorch
  1348 | D:2      | Reached skill level 1 in Armour
  1643 | D:2      | Noticed Jessica
  1649 | D:2      | Killed Jessica
  1650 | D:2      | Reached skill level 1 in Short Blades
  1650 | D:2      | Reached XP level 4. HP: 30/30 MP: 0/7
  2191 | D:2      | Found an opulent altar of Gozag.
  2363 | D:3      | Noticed Robin
  2370 | D:3      | Killed Robin
  2528 | D:3      | Found a sacrificial altar of Ru.
  2871 | D:3      | Reached XP level 5. HP: 35/35 MP: 6/9
  3719 | D:4      | Noticed a black bear
  3761 | D:4      | Killed a black bear
  3762 | D:4      | Gained mutation: You have sharp fingernails. [demonic
                  | ancestry]
  3762 | D:4      | Reached XP level 6. HP: 41/41 MP: 1/11
  4009 | D:4      | Gained mutation: You are partially covered in slimy green
                  | scales. (AC +2) [demonic ancestry]
  4009 | D:4      | Reached XP level 7. HP: 46/46 MP: 0/13
  4016 | D:4      | Found a staircase to the Ecumenical Temple.
  4041 | Temple   | Found a transporter.
  4041 | Temple   | Found a transporter.
  4041 | Temple   | Found a transporter.
  4041 | Temple   | Found a transporter.
  4041 | Temple   | Entered the Ecumenical Temple
  4062 | Temple   | Became a worshipper of Vehumet
  4241 | D:4      | Reached skill level 5 in Fire Magic
  4358 | D:4      | Noticed Menkaure
  4368 | D:4      | Killed Menkaure
  4369 | D:4      | Reached skill level 5 in Spellcasting
  4531 | D:4      | Learned a level 4 spell: Flame Wave
  4598 | D:4      | Identified the +0 pair of boots "Hexear" {Int+5}
  4938 | D:5      | Entered Level 5 of the Dungeon
  5106 | D:5      | Found a glowing drain.
  5120 | Sewer    | Entered a sewer
  5320 | Sewer    | Reached * piety under Vehumet
  5320 | Sewer    | Offered knowledge of Sandblast by Vehumet.
  5445 | Sewer    | Reached XP level 8. HP: 49/53 MP: 10/16
  6357 | D:5      | Found Koatinao's Weapon Emporium.
  6739 | D:5      | Found Ciarhite's Distillery.
  6754 | D:5      | Bought a potion of curing for 42 gold pieces
  6762 | D:5      | Found Tianeim's Distillery.
  6765 | D:5      | Bought a potion of heal wounds for 65 gold pieces
  6765 | D:5      | Bought a potion of heal wounds for 65 gold pieces
  6767 | D:5      | Noticed Edmund
  6775 | D:5      | Killed Edmund
  6972 | D:5      | Found a broken altar of Ashenzari.
  7014 | D:5      | Found Juvanel's Assorted Antiques.
  7044 | D:5      | Found Suzaz's Distillery.
  7629 | D:6      | Reached XP level 9. HP: 57/58 MP: 9/19
  8306 | D:7      | Noticed Joseph
  8314 | D:7      | Killed Joseph
  8314 | D:7      | Reached ** piety under Vehumet
  8314 | D:7      | Offered knowledge of Sting by Vehumet.
  8646 | D:7      | Found a runed translucent door.
  8647 | D:7      | Noticed Gadrel's ghost (novice MDFE)
  9278 | D:8      | Identified the +5 war axe "Gagurih" {freeze, rF++ rC- Will+
                  | Dex+2}
  9319 | D:8      | Noticed a two-headed ogre
  9326 | D:8      | Killed a two-headed ogre
  9327 | D:8      | Reached XP level 10. HP: 44/64 MP: 16/22
  9336 | D:8      | Killed from afar by a vampire

Illustrated notes

Levels and vault maps discovered:
D:1:      matt_arrival_debris, layout_rooms, hangedman_glass_teeth,
          hangedman_decor_lopped, chequers_serial_rivers_small_3
D:2:      layout_basic, basic_altar, uniq_jessica
D:3:      layout_loops_corners, nicolae_ru_awakened_eye, uniq_robin
D:4:      layout_basic, minmay_temple_entry_statues_pillars, uniq_menkaure
D:5:      layout_basic, marbit_many_paths, gup_sewer_entry_pipe, serial_shops,
          shop, shop_statue, nicolae_shop_behind_doors, shop, shop, uniq_edmund
D:6:      layout_cave_pools
D:7:      statuecave_lemuel, layout_cave_pools, gammafunk_ghost_grave,
          serial_rivers, chequers_serial_rivers_marsh,
          chequers_serial_rivers_micro_d, chequers_serial_rivers_micro_b,
          chequers_serial_rivers_room_a, chequers_serial_rivers_micro_e,
          chequers_serial_rivers_marsh, uniq_joseph
D:8:      layout_basic
Temple:   hellmonk_temple_divided_pantheon

Skill      XL: |  1  2  3  4  5  6  7  8  9 |
---------------+----------------------------+-----
Fire Magic     | 3 4 5 6 8 |  8.4
Dodging        | 2 |  2.8
Armour         | 1 2 3 |  3.5
Short Blades   | 1 2 |  2.0
Conjurations   | 2 3 4 |  4.2
Stealth        | 2 |  2.0
Spellcasting   | 3 4 5 7 8 |  8.6
Fighting       | |  0.9

Action                     |  1- 3 |  4- 6 |  7- 9 | 10-12 || total
---------------------------+-------+-------+-------+-------++-------
  Melee: Unarmed           |     5 |       |       |       ||     5
         Dagger            |    43 |    63 |    76 |       ||   182
   Cast: Foxfire           |    69 |    26 |   164 |     3 ||   262
         Scorch            |     3 |    40 |    84 |     6 ||   133
         Flame Wave        |       |       |     2 |       ||     2
    Use: Scroll            |       |       |     4 |       ||     4
   Stab: Paralysed         |       |     7 |     8 |       ||    15
 Armour: Robe              |     4 |       |       |       ||     4
         Leather armour    |    26 |    28 |    80 |     5 ||   139
  Dodge: Dodged            |    37 |    32 |    64 |     3 ||   136

Table legend: (Time is in decaauts)
 A = Elapsed time spent in this place.
 B = Non-inter-level travel time spent in this place.
 C = Inter-level travel time spent in this place.
 D = Time resting spent in this place.
 E = Time spent auto-exploring this place.
 F = Levels seen in this place.
 G = Mean time per level.
                   A        B        C        D        E       F      G
               +--------+--------+--------+--------+--------+-----+--------+
         Total |   9534 |   9195 |    339 |      0 |   7725 |  10 |  953.4 |
       Dungeon |   8033 |   7702 |    331 |      0 |   6602 |   8 | 1004.1 |
        Temple |    113 |    105 |      8 |      0 |     76 |   1 |  113.0 |
         Sewer |   1387 |   1387 |      0 |      0 |   1047 |   1 | 1387.0 |
               +--------+--------+--------+--------+--------+-----+--------+

Top non-repeatable levels by time:
   Sewer: 1387 daAuts
     D:4: 1324 daAuts
     D:1: 1280 daAuts
     D:3: 1162 daAuts
     D:5: 1068 daAuts
     D:2: 1053 daAuts
     D:6: 960 daAuts
     D:7: 953 daAuts
     D:8: 229 daAuts
  Temple: 113 daAuts
